[Event "AI Cup Div-3 2023"]
[Site "Online"]
[Date "2023.09.26"]
[Round "53.1"]
[White "Demchenko, Anton"]
[Black "Kravtsiv, Martyn"]
[Result "1-0"]
[Annotator "ChessBase"]
[ECO "C24"]
[WhiteElo "2608"]
[BlackElo "2598"]
[PlyCount "85"]
[EventDate "2023.09.18"]
[EventType "k.o."]
[EventCountry "NET"]
[SourceTitle "playchess.com"]
[Source "ChessBase"]
[SourceQuality "1"]
[TimeControl "900+3"]

1. e4 e5 2. Nf3 Nc6 3. Bc4 Nf6 4. d3 d5 5. exd5 Nxd5 6. O-O Be7 7. h3 Nb6 8. Bb3 a5 9. a4 Qd6 10. Re1 Be6 11. Bxe6 Qxe6 12. Nc3 O-O-O 13. Be3 Nd5 14. Qe2 Rhe8 15. Nb5 f5 16. Bd2 Bf6 17. c4 Ndb4 18. d4 e4 19. d5 Nxd5 20. Ng5 Bxg5 21. cxd5 Rxd5 22. Bxg5 Ne5 23. Bf4 c6 24. Nc3 Rd4 25. Qe3 Red8 26. Ne2 Rb4 27. Qa7 Nd3 28. Qxa5 Kd7 29. Qc7+ Ke8 30. Qxg7 Rxb2 31. Qh8+ Kd7 32. Qxh7+ Ke8 33. Qh8+ Kd7 34. Qg7+ Ke8 35. Bg5 Rd7 36. Qh8+ Kf7 37. Nf4 Nxf4 38. Qxb2 Nd3 39. Qh8 Qg6 40. h4 f4 41. Qc8 Ke6 42. Rxe4+ Qxe4 43. Qe8+ 1-0

[Event "AI Cup Div-3 2023"]
[Site "Online"]
[Date "2023.09.26"]
[Round "53.1"]
[White "Muradli, Mahammad"]
[Black "Kovalev, Vladislav"]
[Result "0-1"]
[Annotator "ChessBase"]
[ECO "E16"]
[WhiteElo "2550"]
[BlackElo "2582"]
[PlyCount "106"]
[EventDate "2023.09.18"]
[EventType "k.o."]
[EventCountry "NET"]
[SourceTitle "playchess.com"]
[Source "ChessBase"]
[SourceQuality "1"]
[TimeControl "900+3"]

1. d4 Nf6 2. c4 e6 3. Nf3 Bb4+ 4. Bd2 Qe7 5. g3 b6 6. Bg2 Bb7 7. O-O Bxd2 8. Nbxd2 O-O 9. Qc2 c5 10. e4 cxd4 11. e5 Ng4 12. h3 Nh6 13. Ng5 Qxg5 14. Bxb7 Nc6 15. Bxa8 Rxa8 16. Nf3 Qh5 17. Kg2 Nxe5 18. Nxd4 Rc8 19. Qa4 Nf5 20. Qd1 Qg6 21. b3 h5 22. Nxf5 Qxf5 23. Qe2 d5 24. cxd5 Rc2 25. Qe3 exd5 26. Rae1 f6 27. a4 g5 28. Re2 d4 29. Qe4 Qxe4+ 30. Rxe4 d3 31. Rd4 g4 32. hxg4 hxg4 33. b4 Kf7 34. b5 Ke6 35. Re1 Kf5 36. Rd1 Rc3 37. Kf1 Ke6 38. Kg2 Rc5 39. Kf1 Rd5 40. Re4 Kd6 41. Rf4 Ke6 42. Re4 f5 43. Re3 Kd6 44. Rc1 Rd4 45. Ra1 Kd5 46. a5 bxa5 47. Rxa5 d2 48. b6+ Kd6 49. Raxe5 d1=Q+ 50. Kg2 Qf3+ 51. Kg1 Rd1+ 52. Re1 Rxe1+ 53. Rxe1 axb6 0-1

[Event "AI Cup Div-3 2023"]
[Site "Online"]
[Date "2023.09.26"]
[Round "53.2"]
[White "Kramnik, Vladimir"]
[Black "Radjabov, Teimour"]
[Result "0-1"]
[Annotator "TA"]
[ECO "A36"]
[WhiteElo "2753"]
[BlackElo "2745"]
[PlyCount "76"]
[EventDate "2023.09.18"]
[EventType "k.o."]
[EventCountry "NET"]
[SourceTitle "playchess.com"]
[Source "ChessBase"]
[SourceQuality "1"]
[TimeControl "900+3"]

1. c4 c5 2. g3 g6 3. Bg2 Bg7 4. Nc3 Nc6 5. d3 d6 6. e3 e5 7. Nge2 Nge7 8. a3 {[%emt 0:00:05][%cal Ob2b4] A36: Symmetrical English vs ...g6: 4 Bg2 Bg7.} Rb8 $5 {[%emt 0:00:11][%mdl 4] [#] A promising side line.} 9. b4 $1 O-O (9... a6 10. bxc5) 10. b5 {[%emt 0:00:19] White is slightly better.} Na5 11. O-O f5 {[%emt 0:00:06] [#]} 12. Qc2 $146 ({Predecessor:} 12. Bd2 Be6 13. Rc1 Bf7 14. e4 b6 15. Bg5 Qd7 16. Bxe7 Qxe7 17. exf5 gxf5 18. Nd5 {1-0 Cvitan,O (2294)-Molina,F (2498) SUI-chT Switzerland 2001 (6.3)}) 12... Be6 13. e4 Qd7 14. Bd2 b6 15. f4 fxe4 16. Nxe4 d5 17. cxd5 Nxd5 {[%emt 0:00:23] ...exf4 would be deadly.} (17... Bxd5 $5 18. Bxa5 bxa5 $11) 18. Rae1 ({Better is} 18. fxe5 $11 Bxe5 19. Rab1) 18... exf4 $1 $15 (18... Qxb5 19. Ng5 Qd7 20. fxe5 $16) 19. gxf4 h6 {[%emt 0:00:52] Prevents Ng5. Black is more active.} (19... Qxb5 20. Ng5 Qb3 21. Qxb3 Nxb3 22. Nxe6 $16) (19... Kh8 $15 20. Rf2 Bg8) 20. Kh1 Qxb5 21. N2g3 Qb3 22. Qc1 {[%emt 0:00:05] Threatens to win with Bxa5.} Bb2 (22... Qxd3 $2 23. Bxa5 (23. Nf2 Qb3 $16) 23... Qb5 24. Nc3 (24. Nxc5 Rbc8 $16 {[%mdl 64] Pin}) 24... Nxc3 25. Bxc3 $18) (22... Qa2 {seems wilder.} 23. Nd6 Nc7 24. Bxa5 bxa5 25. Re2 Rb2) 23. Nxc5 Bxc1 ({Don't do} 23... Qxa3 24. Qd1 Bf7 25. Nd7 Qxd3 26. f5 $16) (23... bxc5 {is interesting.} 24. Qxc5 Rb5 25. Qf2 Bc8) 24. Nxb3 Nxb3 25. Bxc1 Nxc1 {[%emt 0:00:05] A dynamic duo of knights.} 26. f5 Nxd3 27. Rxe6 N5f4 $36 {[%emt 0:00:09][%mdl 2048] Black has good play.} 28. Re7 gxf5 29. Bc6 (29. Rxa7 $11 {keeps the balance.} Rbc8 30. Rd7) 29... Rbc8 $17 30. Ba4 Rc3 31. Bd1 {[%emt 0:01:03] [#]} (31. Bd7 $17 {might work better.}) 31... Rxa3 (31... Nh3 $1 $19 32. Nh5 Kh8) 32. Nh5 (32. Bc2 $17 {keeps fighting.}) 32... Nxh5 33. Bxh5 Kh8 34. Bg6 Ra2 35. Rxf5 $2 {[%emt 0:00:20][%mdl 8192] Now White is beyond hope.} (35. Rh7+ $17 Kg8 36. Rb7) 35... Ra1+ $19 36. Kg2 Nf4+ 37. Kg3 Nxg6 38. Rh5 Nxe7 {[%emt 0:00:02] Weighted Error Value: White=0.63/Black=0.13 (very precise)} 0-1

[Event "AI Cup Div-3 2023"]
[Site "Online"]
[Date "2023.09.26"]
[Round "53.2"]
[White "Kravtsiv, Martyn"]
[Black "Demchenko, Anton"]
[Result "1-0"]
[Annotator "ChessBase"]
[ECO "C58"]
[WhiteElo "2598"]
[BlackElo "2608"]
[PlyCount "101"]
[EventDate "2023.09.18"]
[EventType "k.o."]
[EventCountry "NET"]
[SourceTitle "playchess.com"]
[Source "ChessBase"]
[SourceQuality "1"]
[TimeControl "900+3"]

1. e4 e5 2. Nf3 Nc6 3. Bc4 Nf6 4. Ng5 d5 5. exd5 Na5 6. Bb5+ c6 7. dxc6 bxc6 8. Bd3 Nd5 9. Nf3 Bd6 10. Nc3 O-O 11. Be2 Qc7 12. d3 Nxc3 13. bxc3 Rd8 14. Nd2 f5 15. O-O c5 16. Bf3 Rb8 17. Bd5+ Kh8 18. Qh5 g6 19. Qf3 Bb7 20. Bxb7 Rxb7 21. Nb3 Nc6 22. Bg5 Rf8 23. Qd5 Ne7 24. Qe6 Ng8 25. Na5 Qxa5 26. Qxd6 Re8 27. c4 Qc3 28. Rae1 Qd4 29. Qc6 Rbb8 30. Be3 Qc3 31. Qxc5 Nf6 32. Bg5 Rb6 33. Re2 Rbe6 34. Qxa7 e4 35. h3 Kg8 36. Bxf6 Qxf6 37. Rfe1 Ra6 38. Qb7 Rxa2 39. dxe4 f4 40. e5 Qe6 41. Qe4 g5 42. Rd2 Ra4 43. Rd6 Qxc4 44. Qf5 Qf7 45. Qxg5+ Kh8 46. Rd8 Ra8 47. Rxa8 Rxa8 48. e6 Qg6 49. Qxf4 Re8 50. Qe4 Qf6 51. Qe5 1-0

[Event "AI Cup Div-3 2023"]
[Site "Online"]
[Date "2023.09.26"]
[Round "53.2"]
[White "Kovalev, Vladislav"]
[Black "Muradli, Mahammad"]
[Result "1-0"]
[Annotator "ChessBase"]
[ECO "B52"]
[WhiteElo "2582"]
[BlackElo "2550"]
[PlyCount "87"]
[EventDate "2023.09.18"]
[EventType "k.o."]
[EventCountry "NET"]
[SourceTitle "playchess.com"]
[Source "ChessBase"]
[SourceQuality "1"]
[TimeControl "900+3"]

1. e4 c5 2. Nf3 d6 3. Bb5+ Bd7 4. Bxd7+ Nxd7 5. O-O Ngf6 6. Qe2 e6 7. c3 Be7 8. d4 O-O 9. Bg5 cxd4 10. cxd4 d5 11. e5 Ne4 12. Bxe7 Qxe7 13. Nbd2 Nxd2 14. Qxd2 Rac8 15. Rfc1 Nb8 16. g3 h6 17. Kg2 Rc6 18. Rxc6 Nxc6 19. Rc1 Rc8 20. Rc3 Qd7 21. Qc2 Ne7 22. Rxc8+ Nxc8 23. h4 Ne7 24. Qc5 b6 25. Qc3 h5 26. b4 Qc6 27. Qd2 Qc7 28. Qg5 g6 29. b5 Nf5 30. a4 Qc8 31. Qf6 Qf8 32. Qg5 Nh6 33. Qc1 Kg7 34. Qc7 Qb4 35. Ng5 Qxa4 36. Nxe6+ Kh7 37. Ng5+ Kg7 38. Nxf7 Qc4 39. Qe7 Nxf7 40. e6 Qxd4 41. Qxf7+ Kh6 42. Qf8+ Kh7 43. Qf7+ Kh6 44. e7 1-0

[Event "AI Cup Div-3 2023"]
[Site "Online"]
[Date "2023.09.26"]
[Round "53.2"]
[White "Beerdsen, Thomas"]
[Black "Durarbayli, Vasif"]
[Result "0-1"]
[Annotator "ChessBase"]
[ECO "C56"]
[WhiteElo "2511"]
[BlackElo "2625"]
[PlyCount "86"]
[EventDate "2023.09.18"]
[EventType "k.o."]
[EventCountry "NET"]
[SourceTitle "playchess.com"]
[Source "ChessBase"]
[SourceQuality "1"]
[TimeControl "900+3"]

1. e4 e5 2. Nf3 Nc6 3. Bc4 Nf6 4. d4 exd4 5. e5 d5 6. Bb5 Nd7 7. O-O Be7 8. c3 dxc3 9. Nxc3 Nb6 10. a4 a6 11. Bxc6+ bxc6 12. a5 Nd7 13. Nd4 Nb8 14. f4 c5 15. Nc2 d4 16. Qf3 c6 17. f5 dxc3 18. f6 gxf6 19. exf6 Bd6 20. Bf4 Bxf4 21. Qxf4 Be6 22. Rad1 Nd7 23. Qd6 cxb2 24. Ne3 Rb8 25. Nc4 b1=Q 26. Rxb1 Rxb1 27. Rxb1 Bxc4 28. Rb7 Be6 29. Ra7 Nxf6 30. Qxc6+ Bd7 31. Qd6 Be6 32. Qc6+ Bd7 33. Qxc5 Qb8 34. h3 Qb1+ 35. Kh2 Qb8+ 36. g3 Rg8 37. Qe3+ Be6 38. Rxa6 Qb2+ 39. Kg1 Qb1+ 40. Kg2 Qb2+ 41. Kf1 Qb5+ 42. Qe2 Qxe2+ 43. Kxe2 Bc4+ 0-1

[Event "AI Cup Div-3 2023"]
[Site "Online"]
[Date "2023.09.26"]
[Round "53.3"]
[White "Kravtsiv, Martyn"]
[Black "Demchenko, Anton"]
[Result "0-1"]
[Annotator "ChessBase"]
[ECO "C50"]
[WhiteElo "2598"]
[BlackElo "2608"]
[PlyCount "106"]
[EventDate "2023.09.18"]
[EventType "k.o."]
[EventCountry "NET"]
[SourceTitle "playchess.com"]
[Source "ChessBase"]
[SourceQuality "1"]
[TimeControl "900+3"]

1. e4 e5 2. Nf3 Nc6 3. Bc4 Be7 4. d4 d6 5. Bb5 Bd7 6. d5 Nb8 7. Bd3 Nf6 8. c4 O-O 9. Nc3 a5 10. h3 Na6 11. Be3 b6 12. Qe2 Nc5 13. Bc2 c6 14. Bxc5 bxc5 15. dxc6 Bxc6 16. a4 Nh5 17. g3 g6 18. O-O-O Qb8 19. Nb5 Rc8 20. Kb1 Ng7 21. h4 Ne6 22. h5 g5 23. Nd2 Nd4 24. Qd3 Qb7 25. Rhe1 h6 26. Bb3 Qd7 27. f3 Bf8 28. Ba2 Qd8 29. Rf1 Bd7 30. Rf2 Kh8 31. Rg1 Qf6 32. Rgf1 Bh3 33. Rh1 Be6 34. Ka1 Bg7 35. Bb1 Nxb5 36. axb5 a4 37. Ka2 Rcb8 38. Ka3 Qd8 39. Qc3 Kg8 40. Bd3 Qe7 41. Nb1 d5 42. Nd2 dxc4 43. Bxc4 Bxc4 44. Qxc4 Ra5 45. Ka2 Raxb5 46. Nb1 Rb4 47. Qc2 Qe6+ 48. Ka1 c4 49. Rd1 Bf8 50. Rd5 Qa6 51. Rfd2 a3 52. Nxa3 Rxb2 53. Qxb2 Rxb2 0-1

[Event "AI Cup Div-3 2023"]
[Site "Online"]
[Date "2023.09.27"]
[Round "54.1"]
[White "Tomashevsky, Evgeny"]
[Black "Radjabov, Teimour"]
[Result "1-0"]
[Annotator "TA"]
[ECO "D85"]
[WhiteElo "2694"]
[BlackElo "2745"]
[PlyCount "69"]
[EventDate "2023.09.18"]
[EventType "k.o."]
[EventCountry "NET"]
[SourceTitle "playchess.com"]
[Source "ChessBase"]
[SourceQuality "1"]
[TimeControl "900+3"]

1. c4 g6 2. d4 Nf6 3. Nc3 d5 4. cxd5 Nxd5 5. e4 Nxc3 6. bxc3 Bg7 7. Nf3 O-O 8. Be2 b6 9. O-O Bb7 10. Qd3 Nd7 11. Bg5 {[%emt 0:00:43] D85: Exchange Grünfeld: Unusual White 7th moves and lines with 7 Nf3.} (11. e5 {is more complex.} e6 12. Ng5 c5 13. f4) 11... h6 12. Bf4 {[%emt 0:00:41] [#]} e6 $146 ({Black should play} 12... e5 $11 13. Nxe5 (13. Bxe5 Re8 $11) 13... Nxe5 14. Bxe5 Re8) ({Predecessor:} 12... c5 13. d5 g5 14. Bd2 Qc7 15. g3 e6 16. c4 Bxa1 17. Rxa1 f5 18. Bc3 Nf6 {½-½ Campani,P (1450)-Wideman,D (1805) W-ch WS/O/1075 email 2018}) 13. Rfe1 {[%emt 0:00:37] White is more active. White is slightly better.} Re8 (13... e5 $11 14. Nxe5 (14. Bxe5 Nxe5 15. Nxe5 Bxe5 $11) 14... Nxe5 15. Bxe5 Bxe5 16. dxe5 Qg5) 14. Qe3 (14. e5 $16) 14... e5 $11 15. dxe5 Nxe5 16. Bxe5 (16. Bxh6 $2 {is the wrong capture.} Ng4 17. Bg5 Nxe3 $19) 16... Bxe5 17. Bb5 {[%emt 0:00:01] [#] Threatens to win with Rad1.} ({Of course not} 17. Qxh6 Bg7 18. Qc1 Rxe4 $17) 17... c6 (17... Re7 $5) 18. Nxe5 Rxe5 19. Bc4 {[%emt 0:00:10][%cal Oa1d1] Black must now prevent Rad1!} Qf8 ({Black should try} 19... b5 $14 20. Qf4 Re7) 20. Rad1 (20. Qg3 $16 Qg7 21. Rad1) 20... Rae8 21. Rd7 R5e7 22. Rxe7 Rxe7 23. h4 (23. e5 {simplifies} Bc8 24. Qe4 Be6 25. Qxc6 Qe8 26. Qxe8+ Rxe8 27. Bxe6 Rxe6 28. Kf1) 23... Bc8 24. h5 gxh5 25. Qg3+ Qg7 {[%emt 0:00:37] ...Qxg3 is the strong threat.} 26. Qd6 {[%emt 0:00:04][%mdl 1024] White has compensation.} Bh3 27. Bf1 {[%emt 0:00:35] Really sharp!} (27. Qxe7 $2 Qxg2#) 27... Re8 (27... Rd7 $5 28. Qxc6 Be6 $11) 28. Re3 $36 {[%emt 0:00:17][%mdl 2048] White fights for an advantage.} Bg4 29. e5 Qg6 {[%emt 0:00:13] ...Qxd6 would be deadly.} 30. Qc7 h4 31. Qxa7 c5 ({Much less strong is} 31... Qb1 32. Qa4 Be6 33. Qxh4 $16) (31... Rd8 $11 {keeps the balance.}) 32. Bd3 $16 Qe6 {[%emt 0:00:01] [#]} (32... Qc6 $16) 33. Qa4 $1 $18 Rd8 34. Qe4 {[%emt 0:00:02] Prevents Bf5.} (34. Qf4 $18 {Hoping for f3.} b5 35. Bxb5) 34... Bh5 (34... Qg6 $16) 35. Qxh4 {[%emt 0:00:12] Weighted Error Value: White=0.16 (very precise) /Black=0.25 (precise)} 1-0

[Event "AI Cup Div-3 2023"]
[Site "Online"]
[Date "2023.09.27"]
[Round "54.1"]
[White "Xiong, Jeffery"]
[Black "Durarbayli, Vasif"]
[Result "0-1"]
[Annotator "ChessBase"]
[ECO "C45"]
[WhiteElo "2693"]
[BlackElo "2625"]
[PlyCount "160"]
[EventDate "2023.09.18"]
[EventType "k.o."]
[EventCountry "NET"]
[SourceTitle "playchess.com"]
[Source "ChessBase"]
[SourceQuality "1"]
[TimeControl "900+3"]

1. e4 e5 2. Nf3 Nc6 3. d4 exd4 4. Nxd4 Bc5 5. Be3 Qf6 6. c3 Nge7 7. Bc4 b6 8. O-O Bb7 9. f4 O-O-O 10. Qd2 Bxd4 11. cxd4 d5 12. e5 Qe6 13. Be2 Kb8 14. Na3 h5 15. Rac1 Nf5 16. Nc2 f6 17. Bd3 Rdf8 18. Qc3 Rf7 19. Rce1 Rhf8 20. Nb4 Nce7 21. Bd2 fxe5 22. fxe5 Nh4 23. Be2 a5 24. Nd3 Qg6 25. g3 Nf3+ 26. Bxf3 Rxf3 27. Nf4 Rxf1+ 28. Rxf1 Qf5 29. Qd3 Qxd3 30. Nxd3 Rxf1+ 31. Kxf1 Ba6 32. Ke2 Kc8 33. Be3 Kd7 34. Kd2 Bxd3 35. Kxd3 Ke6 36. Bg5 Nc6 37. a3 a4 38. Kc3 Kf5 39. h4 Ke6 40. Bc1 Kd7 41. Bg5 b5 42. Bf4 Nd8 43. Kb4 Kc6 44. Kc3 Ne6 45. Be3 Kb7 46. Kd3 Kb6 47. Kc3 Ka5 48. Bd2 g6 49. Be3 Kb6 50. Kb4 Ng7 51. Kc3 Kc6 52. Kd3 Nf5 53. Bf2 Ng7 54. Ke3 Ne6 55. Be1 Kd7 56. Bb4 c6 57. Kd3 Nc7 58. Bd2 Ke6 59. Ke3 Kf5 60. Kf3 Ne6 61. Be3 Nf8 62. Bh6 Nd7 63. Be3 Nb6 64. Bd2 Nc4 65. Bc3 Nb6 66. Bd2 Nd7 67. Be3 c5 68. dxc5 Nxe5+ 69. Ke2 Ke4 70. Bf4 Nc6 71. Kd2 d4 72. Bd6 Na5 73. Kc2 Ke3 74. Kd1 Kd3 75. Be7 Nc6 76. Bd6 Na5 77. Be7 Kc4 78. Kc2 Kd5 79. Kd3 Nc4 80. c6 Ne5+ 0-1

[Event "AI Cup Div-3 2023"]
[Site "Online"]
[Date "2023.09.27"]
[Round "54.1"]
[White "Meier, Georg"]
[Black "Kovalev, Vladislav"]
[Result "1/2-1/2"]
[Annotator "ChessBase"]
[ECO "E06"]
[WhiteElo "2628"]
[BlackElo "2582"]
[PlyCount "60"]
[EventDate "2023.09.18"]
[EventType "k.o."]
[EventCountry "NET"]
[SourceTitle "playchess.com"]
[Source "ChessBase"]
[SourceQuality "1"]
[TimeControl "900+3"]

1. Nf3 Nf6 2. g3 b6 3. Bg2 Bb7 4. O-O e6 5. c4 Be7 6. Nc3 O-O 7. d4 d5 8. Ne5 c6 9. e4 dxc4 10. Nxc4 Nbd7 11. b3 Re8 12. Bb2 b5 13. Ne3 Qb6 14. Rc1 Rad8 15. Qc2 c5 16. d5 exd5 17. Ncxd5 Nxd5 18. exd5 Bf6 19. Nf5 c4 20. Rfd1 Ne5 21. Bd4 Qa6 22. bxc4 bxc4 23. Ne3 Nd3 24. Bxf6 Qxf6 25. Rb1 Ba6 26. Rd2 Qd4 27. Nf5 Qf6 28. Ne3 Qd4 29. Nf5 Qe5 30. Ne3 Qd4 1/2-1/2

[Event "AI Cup Div-3 2023"]
[Site "Online"]
[Date "2023.09.27"]
[Round "54.1"]
[White "Martinez Alcantara, Jose Eduardo"]
[Black "Demchenko, Anton"]
[Result "0-1"]
[Annotator "ChessBase"]
[ECO "C75"]
[WhiteElo "2611"]
[BlackElo "2608"]
[PlyCount "138"]
[EventDate "2023.09.18"]
[EventType "k.o."]
[EventCountry "NET"]
[SourceTitle "playchess.com"]
[Source "ChessBase"]
[SourceQuality "1"]
[TimeControl "900+3"]

1. e4 e5 2. Nf3 Nc6 3. Bb5 a6 4. Ba4 Nge7 5. O-O Ng6 6. c3 d6 7. d4 Bd7 8. d5 Nb8 9. c4 Be7 10. Nc3 O-O 11. Bc2 Qc8 12. Be3 f5 13. exf5 Bxf5 14. Nd2 Bxc2 15. Qxc2 Nh4 16. g3 Nf5 17. Nde4 Nd7 18. Qd3 Qe8 19. b4 Qg6 20. Kh1 Nf6 21. f3 Nxe4 22. Nxe4 a5 23. bxa5 Rxa5 24. Bd2 Raa8 25. a4 b6 26. a5 bxa5 27. Rxa5 Rab8 28. Bc3 Bg5 29. Re1 Rb3 30. Ra2 h5 31. Rg2 Bh6 32. Rf2 Ra3 33. c5 Nd4 34. cxd6 cxd6 35. Qd1 h4 36. gxh4 Qh5 37. Bxd4 exd4 38. Qxd4 Raxf3 39. Ng3 Qf7 40. Rfe2 Ra3 41. Rf1 Rf3 42. Rfe1 Ra3 43. Qe4 Ra5 44. Rd1 Qf4 45. Kg2 Ra4 46. Qe6+ Qf7 47. Ne4 Bf4 48. Rf1 Qxe6 49. dxe6 Be5 50. Ng5 Re8 51. Ref2 Rxh4 52. h3 Rh5 53. Nf7 Rxe6 54. Nxe5 dxe5 55. Rf8+ Kh7 56. Re1 e4 57. Rf4 e3 58. h4 e2 59. Kf2 Rhe5 60. Rg4 Kh6 61. Rg3 g6 62. Rd3 Re4 63. Rd8 Kh5 64. Rh8+ Kg4 65. Rg1+ Kf5 66. Rf8+ Ke5 67. Rg5+ Kd6 68. Ke1 Ra4 69. Rd8+ Ke7 0-1

[Event "AI Cup Div-3 2023"]
[Site "Online"]
[Date "2023.09.27"]
[Round "54.2"]
[White "Radjabov, Teimour"]
[Black "Tomashevsky, Evgeny"]
[Result "1-0"]
[Annotator "TA"]
[ECO "B14"]
[WhiteElo "2745"]
[BlackElo "2694"]
[PlyCount "101"]
[EventDate "2023.09.18"]
[EventType "k.o."]
[EventCountry "NET"]
[SourceTitle "playchess.com"]
[Source "ChessBase"]
[SourceQuality "1"]
[TimeControl "900+3"]

1. Nf3 d5 2. d4 Nf6 3. c4 e6 4. Nc3 c5 5. e3 Nc6 6. cxd5 exd5 7. Be2 cxd4 8. exd4 h6 {[%emt 0:00:09] B14: Caro-Kann: Panov-Botvinnik Attack with 5...e6 and 5...g6.} 9. O-O Bd6 10. h3 $5 {[%emt 0:00:32][%mdl 4] Leaves trodden paths.} O-O {[%emt 0:00:07] [#] The position is equal.} 11. Bb5 $146 ({Predecessor:} 11. Be3 a6 12. a3 Ne7 13. Qd2 Ng6 14. Bd3 Be6 15. Bxg6 fxg6 16. Rfe1 Bf5 17. Ne5 {1-0 Prithu,G (2444)-Kubatko,I (2257) Titled Tuesday intern op 28th Dec blitz 2021 (5)}) 11... Re8 12. Be3 Bd7 13. Rc1 Rc8 14. Re1 a6 15. Bd3 Rc7 16. Bb1 Bc8 17. Qc2 (17. Ne5 $5) 17... Ne7 18. Qd2 Bf5 19. Bf4 Bxb1 20. Rxb1 Rc8 21. Be5 Bxe5 (21... Nh7 $1 $11) 22. dxe5 $14 Ne4 23. Nxe4 dxe4 24. Qxd8 Rexd8 25. Rxe4 Rc2 26. a4 Nc6 27. b3 Rc3 28. b4 b5 29. axb5 axb5 30. Kf1 Rdd3 31. Ke2 (31. e6 $14 fxe6 32. Rxe6) 31... Rb3 {[%emt 0:00:13] Threatens to win with ...Rxf3.} 32. Rc1 Nxb4 {[%emt 0:00:24] [#]} 33. Rxb4 $1 Rxf3 {[%emt 0:00:02][%mdl 4096] Endgame KRR-KRR} 34. Rc8+ ({Better is} 34. Rb1 $1 $14 Rxb1 35. Rxb1) 34... Kh7 $11 35. Rxb3 Rxb3 {[%emt 0:00:02] KR-KR} 36. Rf8 Kg6 37. f4 {[%emt 0:00:01] aiming for g4.} h5 38. g4 Rxh3 $2 (38... hxg4 $14 39. hxg4 Rb2+ 40. Kf3 Rb3+ 41. Ke2 Rb4) 39. f5+ $18 Kg5 {[%emt 0:00:03] [#]} 40. e6 $1 {[%emt 0:00:14] And now e7 would win.} fxe6 (40... Kxg4 $2 41. e7 Rh2+ 42. Kd3 Rh3+ 43. Kd4 $18) (40... Rh2+ $18 41. Kd3 Rh3+ 42. Kd2 Rh2+ 43. Kd3 Rh3+ 44. Ke2 Rh2+ 45. Kd1 Rh3) 41. fxe6 Rh2+ 42. Kd3 Rh3+ 43. Ke2 $2 (43. Kd4 {mates} Rh1 44. e7 Rd1+ 45. Kc3 b4+ 46. Kc2 (46. Kxb4 Re1 $11) 46... Re1 47. e8=Q Rxe8 48. Rxe8) 43... Rh2+ $11 44. Kd3 $2 (44. Ke3 $11 Rh1 45. Kd2 Rh2+ 46. Kd1 Rh1+ 47. Kd2 Rh2+ 48. Kd3 Rh3+ 49. Ke2) 44... Rh3+ 45. Kd4 {[%emt 0:00:13] White mates.} Rh1 46. e7 Rd1+ {[%emt 0:00:02] [#]} 47. Kc3 $1 Re1 48. e8=Q ({And not} 48. e8=B hxg4 49. Kd2 Ra1 $11) 48... Rxe8 49. Rxe8 Kxg4 50. Kd2 h4 51. Ke1 {[%emt 0:00:05] Weighted Error Value: White=0.17 (very precise) /Black=0.33} (51. Ke3 $142 g5 52. Rg8 b4 53. Kf2 Kf5 54. Rb8 g4 55. Rxb4 Kg5 56. Rb8) 1-0

[Event "AI Cup Div-3 2023"]
[Site "Online"]
[Date "2023.09.27"]
[Round "54.2"]
[White "Durarbayli, Vasif"]
[Black "Xiong, Jeffery"]
[Result "1-0"]
[Annotator "ChessBase"]
[ECO "C41"]
[WhiteElo "2625"]
[BlackElo "2693"]
[PlyCount "49"]
[EventDate "2023.09.18"]
[EventType "k.o."]
[EventCountry "NET"]
[SourceTitle "playchess.com"]
[Source "ChessBase"]
[SourceQuality "1"]
[TimeControl "900+3"]

1. e4 d6 2. d4 Nf6 3. Nc3 Nbd7 4. Nf3 e5 5. h3 Be7 6. Be3 c6 7. g4 h6 8. Rg1 b5 9. a3 Bb7 10. h4 h5 11. gxh5 Nxh5 12. Bh3 Bf6 13. Qe2 Nb6 14. O-O-O Qe7 15. dxe5 dxe5 16. Bxb6 axb6 17. Rd7 Qxd7 18. Bxd7+ Kxd7 19. Ng5 Ke7 20. Qe3 c5 21. Nxb5 Nf4 22. Rd1 Rxh4 23. Qd2 Kf8 24. Qd6+ Kg8 25. Qxb6 1-0

[Event "AI Cup Div-3 2023"]
[Site "Online"]
[Date "2023.09.27"]
[Round "54.2"]
[White "Demchenko, Anton"]
[Black "Martinez Alcantara, Jose Eduardo"]
[Result "1/2-1/2"]
[Annotator "ChessBase"]
[ECO "B90"]
[WhiteElo "2608"]
[BlackElo "2611"]
[PlyCount "83"]
[EventDate "2023.09.18"]
[EventType "k.o."]
[EventCountry "NET"]
[SourceTitle "playchess.com"]
[Source "ChessBase"]
[SourceQuality "1"]
[TimeControl "900+3"]

1. e4 c5 2. Nf3 d6 3. d4 cxd4 4. Nxd4 Nf6 5. Nc3 a6 6. Bd3 e5 7. Nde2 Be6 8. O-O Be7 9. h3 O-O 10. f4 b5 11. Be3 Qc7 12. Ng3 Nbd7 13. a3 Rad8 14. a4 b4 15. Nd5 Bxd5 16. exd5 g6 17. Bxa6 exf4 18. Rxf4 Nb6 19. Rf3 Nfxd5 20. Bh6 Rfe8 21. Bb5 Bf6 22. Bxe8 Rxe8 23. a5 Qc5+ 24. Kh1 Nc4 25. a6 Bxb2 26. a7 Na3 27. Qf1 Qxa7 28. Re1 Rxe1 29. Qxe1 Be5 30. Qe4 Qd4 31. Qxd4 Bxd4 32. Rd3 Nxc2 33. Ne2 Be3 34. Bxe3 Ncxe3 35. Kg1 Kg7 36. Nc1 f5 37. g3 Kf6 38. Na2 g5 39. Nxb4 Nxb4 40. Rxe3 d5 41. Rb3 Nc2 42. Kf2 1/2-1/2

[Event "AI Cup Div-3 2023"]
[Site "Online"]
[Date "2023.09.27"]
[Round "54.2"]
[White "Kovalev, Vladislav"]
[Black "Meier, Georg"]
[Result "0-1"]
[Annotator "ChessBase"]
[ECO "C10"]
[WhiteElo "2582"]
[BlackElo "2628"]
[PlyCount "126"]
[EventDate "2023.09.18"]
[EventType "k.o."]
[EventCountry "NET"]
[SourceTitle "playchess.com"]
[Source "ChessBase"]
[SourceQuality "1"]
[TimeControl "900+3"]

1. e4 e6 2. d4 d5 3. Nc3 dxe4 4. Nxe4 Nd7 5. Nf3 Ngf6 6. Nxf6+ Nxf6 7. Ne5 Bd6 8. Bg5 h6 9. Bh4 O-O 10. Bd3 c5 11. O-O cxd4 12. f4 Be7 13. Qf3 Nd5 14. Bf2 Qb6 15. c3 Nf6 16. Kh1 Bd7 17. Bxd4 Bc5 18. Nc4 Qc7 19. Bxf6 gxf6 20. Qg4+ Kh8 21. Qh4 Kg7 22. Rf3 Rg8 23. Rg3+ Kf8 24. Rxg8+ Kxg8 25. Qxh6 f5 26. Qg5+ Kf8 27. Ne5 Bc6 28. Qh6+ Kg8 29. Qg5+ Kf8 30. b4 Bd6 31. Qh6+ Kg8 32. Re1 Bf8 33. Qh5 Bg7 34. Re3 Kf8 35. h3 Rd8 36. Qe2 Be8 37. Bc4 a5 38. a3 axb4 39. axb4 Rc8 40. Bb3 Rd8 41. Rg3 Bc6 42. Ng6+ Kg8 43. Qh5 Bd5 44. Bxd5 Rxd5 45. Ne5 Kf8 46. Qh7 Bxe5 47. fxe5 Rd1+ 48. Kh2 Qxe5 49. Qg8+ Ke7 50. Qc8 Rd3 51. Qg8 Rxc3 52. h4 Qxg3+ 53. Qxg3 Rxg3 54. Kxg3 e5 55. Kf3 f4 56. Ke4 f6 57. Kf5 Kf7 58. b5 b6 59. h5 Kg7 60. Ke4 Kh6 61. Kd5 Kxh5 62. Kc6 e4 63. Kxb6 e3 0-1